AoeStats
← Pfost3n

Black Forest

505914333Analyzed
3v3 RM · 20d ago on Sep 11, 2026· 14m 43s· 6 players
Game mode
Random Map
Map size
Normal (6 player)
Population
200
Speed
Normal
Resources
Standard
Victory
Conquest
Starting age
Dark Age
Ending age
Imperial Age
RankedLock teamsTeams togetherTeam positionsShared explorationLock speedFull tech treeHidden civsTurbo modeCheats
Victory
Defeat
🇩🇪 Chinese · Germany
794
+19
🇩🇪 Bohemians · Germany
788
+19
🇩🇪 Franks · Germany
755
+20
🇹🇷 Khmer · Türkiye
936
-76
🇺🇸 Turks · United States
936
-76
🇹🇷 Khmer · Türkiye
673
-12
Korni
1:23 Loom
14:58 Feudal Age
Rendben2744
0:34 Loom
10:32 Feudal Age
11:48 Wheelbarrow
11:34 Double-Bit Axe
Pfost3n
12:58 Feudal Age
Zeus48599
15:40 Feudal Age
Buhan
5:12 Loom
VeteranSquirrel
9:37 Feudal Age
Connection lost

Rejoining the realm…

Still unreachable

The connection could not be restored.

Session expired

The server has moved on; the page needs a fresh start.